 Dungeon Crawl Stone Soup version 0.25.0-10-g039870ee82 (webtiles) character file.

Game seed: 17236821601000217508

3712 Kold the Martial Artist (level 9, -10/68 HPs)
             Began as a Demonspawn Monk on June 22, 2020.
             Was a Priest of Makhleb.
             Mangled by a manticore (13 damage)
             ... on level 9 of the Dungeon.
             The game lasted 00:24:24 (11150 turns).

Kold the Martial Artist (Demonspawn Monk)          Turns: 11150, Time: 00:24:24

Health: -10/68     AC:  7    Str: 14    XL:     9   Next: 91%
Magic:  0/15       EV: 13    Int: 11    God:    Makhleb [***...]
Gold:   620        SH:  5    Dex: 17    Spells: 8/8 levels left

rFire    . . .     SeeInvis .     - Unarmed
rCold    . . .     Gourm    .   A - +0 buckler
rNeg     . . .     Faith    .   p - +0 robe
rPois    .         Spirit   +   (helmet restricted)
rElec    .         Reflect  .   t - +1 cloak
rCorr    .         Harm     .   H - +2 pair of gloves
MR       +....                  (no boots)
Stlth    +.........             (no amulet)
HPRegen  0.21/turn              q - ring of attention (curse)
MPRegen  0.14/turn              E - ring of protection from magic

@: barbed spikes
A: claws 2, horns 1, talons 2, magic shield
a: Minor Destruction, Lesser Servant of Makhleb, Renounce Religion


You were on level 9 of the Dungeon.
You worshipped Makhleb.
Makhleb was most pleased with you.
You were not hungry.

You visited 2 branches of the dungeon, and saw 10 of its levels.

You collected 620 gold pieces.

Inventory:

Armour
 p - a +0 robe (worn)
 t - a +1 cloak (worn)
 A - a +0 buckler (worn)
 H - a +2 pair of gloves (worn)
Jewellery
 o - an uncursed ring of flight
 q - a cursed ring of attention (left hand)
 w - an uncursed ring of ice
 E - a ring of protection from magic (right hand)
Wands
 f - a wand of iceblast (11)
 v - a wand of flame (19)
 y - a wand of acid (6)
Scrolls
 a - a scroll of blinking
 e - 3 scrolls of identify
 l - 9 scrolls of teleportation
 r - 3 scrolls of amnesia
Potions
 c - 5 potions of stabbing {unknown}
 g - a potion of degeneration {unknown}
 h - a potion of heal wounds {unknown}
 i - a potion of haste
 j - 2 potions of cancellation {unknown}
 k - a potion of magic {unknown}
 m - a potion of flight {unknown}
 n - 4 potions of curing {unknown}
 u - a potion of berserk rage {unknown}
 x - a potion of might {unknown}
 z - a potion of ambrosia {unknown}
 C - a potion of brilliance {unknown}
Comestibles
 b - 23 rations
 d - 3 chunks of flesh


   Skills:
 - Level 5.0 Fighting
 - Level 3.0 Dodging
 - Level 2.0 Stealth
 - Level 4.0 Shields
 + Level 10.2 Unarmed Combat
 + Level 8.9 Invocations


You had 8 spell levels left.
You didn't know any spells.
Your spell library contained the following spells:

 Spells                   Type           Power        Failure   Level  Hunger
 Corona                   Hex            #......      34%         1    ##.....
 Ensorcelled Hibernation  Hex/Ice        #.....       47%         2    ###....
 Confusing Touch          Hex            #.......     71%         3    ####...
 Dazzling Flash           Conj/Hex       #.....       71%         3    ####...
 Tukima's Dance           Hex            #.......     71%         3    ####...


Dungeon Overview and Level Annotations

Branches:
Dungeon (9/15)             Temple (1/1) D:6
   Lair: D:8-11         Orc: D:9-12

Altars:
Ashenzari
Cheibriados
Dithmenos
Elyvilon
Fedhas
Gozag
Hepliaklqana
Kikubaaqudgha
Makhleb
Nemelex Xobeh
Okawaru
Qazlal
Ru
Sif Muna
Trog
Uskayaw
Vehumet
Wu Jian
Xom
Yredelemnul
Zin
The Shining One


Innate Abilities, Weirdness & Mutations

You have very sharp fingernails.
You have a pair of small horns on your head.
You have razor-sharp toenails.
When hurt, damage is shared between your health and your magic reserves.


Message History

The manticore claws you.
* * * LOW HITPOINT WARNING * * *
The manticore claws you but does no damage.
You hit the manticore.
You claw the manticore, but do no damage.
The manticore is heavily wounded.
You hit the manticore but do no damage.
You claw the manticore, but do no damage.
The manticore is heavily wounded.
The manticore bites you!!
* * * LOW HITPOINT WARNING * * *
The manticore closely misses you.
The manticore claws you but does no damage.
You don't have enough health at the moment.
You barely miss the manticore.
You claw the manticore, but do no damage.
You headbutt the manticore.
The manticore is heavily wounded.
The manticore bites you!
You die...

#.## ..# ##+## .# ...
.# ... .## # ... ..#♣
♣#. #.# ..##
##..###.## ...###
###......H.#
.....###........@.#
#.##.....#######..#
#.###.#..#######..##
...+.............).#
...................##
(...#...###.###+#...#
[...###'###.###).####
._..#.....#(.)()..#
..........#...#)..#


You could see a manticore.

Vanquished Creatures
  A two-headed ogre (D:8)
  A sky beast (D:5)
  3 orc warriors
  A black bear (D:6)
  2 ice beasts
  3 ogres
  2 phantoms
  A centaur (D:4)
  3 big kobolds
  4 bullfrogs
  A gnoll sergeant (D:6)
  A scorpion (D:6)
  4 killer bees (D:8)
  5 howler monkeys
  A crimson imp (D:5)
  3 hounds
  A bullfrog zombie (D:5)
  3 bullfrog skeletons
  4 orc priests
  A centaur skeleton (D:4)
  6 orc wizards
  2 iguanas
  3 worker ants
  A howler monkey zombie (D:4)
  5 gnolls (D:7)
  9 adders
  A shadow imp (D:7)
  An ooze (D:1)
  7 worms
  6 dart slugs
  3 leopard geckos
  32 orcs
  5 bats
  9 giant cockroaches
  7 goblins
  7 hobgoblins
  7 jackals
  3 quokkas
  2 ball pythons (D:2)
  5 frilled lizards
  24 kobolds
  A leopard gecko zombie (D:6)
  A quokka zombie (D:7)
  11 rats
203 creatures vanquished.

Vanquished Creatures (others)
  A rat (D:2)
1 creature vanquished.

Grand Total: 204 creatures vanquished

Notes
Turn   | Place    | Note
-------+----------+-------------------------------------------
     0 | D:1      | Kold the Demonspawn Monk began the quest for the Orb.
     0 | D:1      | Reached XP level 1. HP: 18/18 MP: 1/1
   255 | D:1      | Gained mutation: You have a pair of small horns on your
                  | head. [demonic ancestry]
   255 | D:1      | Reached XP level 2. HP: 9/24 MP: 2/2
   496 | D:1      | Reached skill level 3 in Unarmed Combat
   977 | D:1      | Reached XP level 3. HP: 29/29 MP: 3/3
  1545 | D:2      | Gained mutation: When hurt, damage is shared between your
                  | health and your magic reserves. [demonic ancestry]
  1545 | D:2      | Reached XP level 4. HP: 34/35 MP: 4/4
  1556 | D:2      | Reached skill level 4 in Unarmed Combat
  1635 | D:2      | Gained mutation: You have sharp fingernails. [demonic
                  | ancestry]
  1635 | D:2      | Reached XP level 5. HP: 33/41 MP: 3/5
  1966 | D:2      | Found an opulent altar of Gozag.
  2080 | D:2      | Reached skill level 5 in Unarmed Combat
  2809 | D:3      | Found an ornate altar of the Wu Jian Council.
  3578 | D:4      | Gained mutation: You have very sharp fingernails. [demonic
                  | ancestry]
  3578 | D:4      | Reached XP level 6. HP: 40/48 MP: 4/6
  3779 | D:4      | Found an ancient bone altar of Kikubaaqudgha.
  3817 | D:4      | Reached skill level 6 in Unarmed Combat
  3875 | D:4      | Found a snail-covered altar of Cheibriados.
  4198 | D:4      | Reached XP level 7. HP: 26/55 MP: 5/7
  4606 | D:4      | Found a blossoming altar of Fedhas.
  4875 | D:4      | Reached skill level 5 in Fighting
  4907 | D:4      | Found a basalt altar of Yredelemnul.
  5043 | D:5      | Entered Level 5 of the Dungeon
  5124 | D:5      | Reached skill level 7 in Unarmed Combat
  5347 | D:5      | Found a shimmering altar of Xom.
  5355 | D:5      | Found a shimmering altar of Xom.
  5891 | D:5      | Found a white marble altar of Elyvilon.
  6568 | D:6      | Reached skill level 8 in Unarmed Combat
  6568 | D:6      | Gained mutation: You have sharp toenails. [demonic
                  | ancestry]
  6568 | D:6      | Reached XP level 8. HP: 49/62 MP: 5/8
  6834 | D:6      | Found a staircase to the Ecumenical Temple.
  6843 | Temple   | Entered the Ecumenical Temple
  6917 | Temple   | Became a worshipper of Makhleb the Destroyer
  6917 | Temple   | Reached * piety under Makhleb
  6917 | Temple   | Reached ** piety under Makhleb
  7080 | D:6      | Reached skill level 1 in Invocations
  7721 | D:7      | Reached skill level 1 in Shields
  8510 | D:7      | Found a shadowy altar of Dithmenos.
  8516 | D:7      | Reached skill level 9 in Unarmed Combat
  8943 | D:8      | Reached skill level 5 in Invocations
  9079 | D:8      | Gained mutation: You have razor-sharp toenails. [demonic
                  | ancestry]
  9079 | D:8      | Reached XP level 9. HP: 61/68 MP: 10/12
  9154 | D:8      | Noticed a two-headed ogre
  9176 | D:8      | Noticed a two-headed ogre
  9213 | D:8      | Found a radiant altar of Vehumet.
  9376 | D:8      | Killed a two-headed ogre
  9796 | D:8      | Found a shimmering blue altar of Sif Muna.
 10595 | D:9      | Found a radiant altar of Vehumet.
 10671 | D:9      | Reached skill level 10 in Unarmed Combat
 10691 | D:9      | Reached *** piety under Makhleb
 10963 | D:9      | Found an iron altar of Okawaru.
 11138 | D:9      | Noticed a manticore
 11149 | D:9      | HP: 3/68 [manticore (15)]
 11150 | D:9      | Mangled by a manticore

Illustrated notes

Levels and vault maps discovered:
D:1:      nicolae_arrival_somewhat_less_tricky_arrival, layout_basic
D:2:      layout_loops_ring, overflow_temple_1_default
D:3:      layout_basic, lemuel_crystal_altar, minmay_strange_pillars,
          grunt_decor_cap, minmay_randomly_rotated_circles
D:4:      layout_loops_corners, kennysheep_slug_shrine,
          lemuel_coloured_pillars_altar, fedhas_bush_and_centaur_altar,
          kiku_gazebo_pond_becter
D:5:      layout_basic, xom_redecorated, elyvilon_altar_4, first_ration
D:6:      layout_loops_cross, minmay_temple_entry_nine_rooms
D:7:      kennysheep_spiral_hall, layout_gridville, old_standard_altar
D:8:      layout_basic, kennysheep_mini, fiery_altar_vehumet, grunt_pizzeria
D:9:      cheibrodos_iron_armory, layout_gridville, kennysheep_okawaru_gauntlet,
          basic_altar, serial_shops, nicolae_shop_statue_plus
Temple:   zaba_magenta_temple

Skill      XL: |  1  2  3  4  5  6  7  8  9 |
---------------+----------------------------+-----
Unarmed Combat | 3 4 5 6 8 9 10 | 10.2
Dodging        | 3 |  3.0
Stealth        | 2 |  2.0
Fighting       | 4 5 |  5.0
Invocations    | 5 8 |  8.9
Shields        | 2 4 |  4.0

Action                   |  1- 3 |  4- 6 |  7- 9 || total
-------------------------+-------+-------+-------++-------
Melee: Unarmed           |    97 |   197 |   367 ||   661
       Punch             |     3 |     4 |     4 ||    11
       Headbutt          |    17 |    33 |    59 ||   109
       Kick              |       |       |    90 ||    90
Invok: Minor Destruction |       |       |    14 ||    14
  Use: Scroll            |       |     1 |    11 ||    12
 Stab: Sleeping          |     4 |     8 |     4 ||    16
       Distracted        |       |     1 |     1 ||     2
  Eat: Chunk             |     2 |     9 |    18 ||    29
       Ration            |       |       |     1 ||     1
Armor: Robe              |    13 |    30 |    49 ||    92
Dodge: Dodged            |    50 |   126 |   218 ||   394
Block: Buckler           |       |       |    52 ||    52
